 Dungeon Crawl Stone Soup version 0.24.0-123-gd5b16e6ec5 (webtiles) character file.

Game seed: 14912550980444099208, levelgen mode: deterministic

670 Martska the Slasher (level 7, -2/54 HPs)
             Began as a Human Skald on Feb 9, 2020.
             Was an Initiate of the Shining One.
             Slain by a centaur (6 damage)
             ... on level 5 of the Dungeon.
             The game lasted 00:14:57 (6570 turns).

Martska the Slasher (Human Skald)                   Turns: 6570, Time: 00:14:57

Health: -2/54      AC:  9    Str: 13    XL:     7   Next: 89%
Magic:  11/11      EV: 12    Int: 14    God:    the Shining One [......]
Gold:   199        SH:  0    Dex: 12    Spells: 5/12 levels left

rFire    . . .     SeeInvis .   a - +0 falchion
rCold    . . .     Gourm    .   (no shield)
rNeg     + . .     Faith    .   b - +0 leather armour
rPois    .         Spirit   .   q - +1 helmet
rElec    .         Reflect  .   p - +0 cloak
rCorr    .         Harm     .   j - +2 pair of gloves
MR       .....                  (no boots)
Stlth    +.........             (no amulet)
HPRegen  0.18/turn              k - ring of positive energy
MPRegen  0.12/turn              y - ring of flight

@: glowing
A: no striking features
a: Renounce Religion, Evoke Flight


You were on level 5 of the Dungeon.
You worshipped the Shining One.
The Shining One was noncommittal.
You were hungry.

You visited 1 branch of the dungeon, and saw 5 of its levels.

You collected 199 gold pieces.

Inventory:

Hand Weapons
 a - a +0 falchion (weapon)
 o - a +2 quarterstaff of chaos
Armour
 b - a +0 leather armour (worn)
 j - a +2 pair of gloves (worn)
 p - a +0 cloak (worn)
 q - a +1 helmet (worn)
 A - a +0 ring mail of fire resistance
Jewellery
 k - a ring of positive energy (left hand)
 y - a ring of flight (right hand)
Wands
 r - a wand of digging (8)
Scrolls
 c - 9 scrolls of identify {unknown}
 f - a scroll of enchant armour
 l - a scroll of magic mapping {unknown}
 u - 2 scrolls of fear {unknown}
 v - a scroll of amnesia {unknown}
 w - 3 scrolls of teleportation {unknown}
 x - a scroll of remove curse {unknown}
 B - a scroll of immolation {unknown}
Potions
 e - a potion of degeneration {unknown}
 g - a potion of ambrosia {unknown}
 h - 4 potions of curing {unknown}
 i - a potion of heal wounds {unknown}
 m - a potion of might {unknown}
 n - a potion of flight {unknown}
 s - a potion of invisibility {unknown}
 t - a potion of haste {unknown}
 z - a potion of brilliance {unknown}
Comestibles
 d - 3 rations


   Skills:
 * Level 4.1 Fighting
 * Level 4.1 Long Blades
 + Level 2.5 Armour
 + Level 3.0 Dodging
 - Level 3.0 Spellcasting
 + Level 1.6 Hexes
 + Level 3.9 Charms
 + Level 1.5 Invocations
 + Level 1.5 Evocations


You had 5 spell levels left.
You knew the following spells:

 Your Spells              Type           Power        Failure   Level  Hunger
a - Infusion              Chrm           ##..         5%          1    #......
b - Regeneration          Chrm/Necr      #.........   36%         3    ###....
c - Spectral Weapon       Hex/Chrm       #.......     26%         3    ###....

Your spell library contained the following spells:

 Spells                   Type           Power        Failure   Level  Hunger
 Song of Slaying          Chrm           ##......     9%          2    ##.....
 Shroud of Golubria       Chrm/Tloc      #.....       19%         2    ##.....


Dungeon Overview and Level Annotations

Branches:
Dungeon (5/15)             Temple (0/1) D:4

Altars:
Cheibriados
Makhleb
Okawaru
Sif Muna
Xom
The Shining One


Message History

You see here 2 arrows.
An iguana comes into view.
The iguana hisses angrily.
You hit the centaur.
The centaur is moderately wounded.
The iguana hisses menacingly.
The centaur unwields a +0 shortbow.
The centaur hits you but does no damage.
You hit the centaur.
The centaur is moderately wounded.
The centaur hits you.
* * * LOW HITPOINT WARNING * * *
The centaur hits you.
* * * LOW HITPOINT WARNING * * *
You hit the centaur.
The centaur is heavily wounded.
The centaur hits you.
* * * LOW HITPOINT WARNING * * *
The centaur hits you.
You die...

P≈ ♣♣ ≈≈P. #..
#.....P≈♣♣≈♣P.#. ...
#.....≈≈♣≈≈≈PP. ..
......PP≈≈≈PP≈. #
....[...≈≈P≈PP..# # #.
.#......P PP≈#.#.###.. #..
......# ###.#.#......
....##.#...#.#..@cl.......
......<......#####.######
...#.#.#.#########.######
#.......................#
#.......<#####..........#
#...##......##.†........#
#...................^...#
#...##.####.#.##...######
#.. .... ...#+##...######


You could see a centaur and an iguana.

Vanquished Creatures
  An ogre (D:4)
  A scorpion (D:4)
  2 crimson imps
  Crazy Yiuf (D:2)
  A gnoll shaman (D:4)
  A hound (D:2)
  3 worker ants
  An iguana (D:4)
  4 orc wizards (D:3)
  A hound skeleton (D:4)
  3 gnolls (D:4)
  An adder (D:2)
  An ooze (D:1)
  4 worms
  3 dart slugs
  6 leopard geckos
  12 orcs
  2 ball pythons (D:1)
  7 bats
  4 giant cockroaches
  6 goblins
  8 hobgoblins
  9 jackals
  4 frilled lizards
  4 kobolds
  7 rats
  A butterfly (D:3)
98 creatures vanquished.

Vanquished Creatures (others)
  4 spectral weapons
4 creatures vanquished.

Grand Total: 102 creatures vanquished

Notes
Turn   | Place    | Note
-------+----------+-------------------------------------------
     0 | D:1      | Martska the Human Skald began the quest for the Orb.
     0 | D:1      | Reached XP level 1. HP: 16/16 MP: 3/3
    77 | D:1      | Reached XP level 2. HP: 12/22 MP: 5/5
   439 | D:1      | Reached XP level 3. HP: 19/28 MP: 6/6
  1402 | D:2      | Reached XP level 4. HP: 34/34 MP: 7/7
  1445 | D:2      | Learned a level 3 spell: Regeneration
  1449 | D:2      | Learned a level 3 spell: Spectral Weapon
  1768 | D:2      | Reached XP level 5. HP: 31/41 MP: 2/8
  1848 | D:2      | Found a burning altar of Makhleb.
  2087 | D:2      | Found an iron altar of Okawaru.
  2197 | D:2      | Found a runed translucent door.
  2198 | D:2      | Noticed Crazy Yiuf
  2272 | D:2      | Killed Crazy Yiuf
  2368 | D:3      | Found a shimmering altar of Xom.
  2369 | D:3      | Found a glowing golden altar of the Shining One.
  2378 | D:3      | Became a worshipper of the Shining One
  2769 | D:3      | Reached XP level 6. HP: 27/47 MP: 9/9
  3752 | D:3      | Found a snail-covered altar of Cheibriados.
  3826 | D:3      | Found a shimmering blue altar of Sif Muna.
  4189 | D:3      | Reached skill level 1 in Hexes
  4189 | D:3      | Reached skill level 1 in Evocations
  4477 | D:4      | Reached skill level 1 in Invocations
  4477 | D:4      | Reached XP level 7. HP: 32/53 MP: 3/11
  4809 | D:4      | Found a staircase to the Ecumenical Temple.
  6501 | D:5      | Entered Level 5 of the Dungeon
  6570 | D:5      | Slain by a centaur

Levels and vault maps discovered:
D:1:      minmay_arrival_up_and_down, layout_loops_ring, minmay_tall_x
D:2:      layout_loops_ring, lemuel_coloured_pillars_altar,
          makhleb_blood_cavern_becter, uniq_crazy_yiuf_cottage
D:3:      layout_loops_ring, xom_butterflies, nicolae_overflow_crystal_walls,
          kennysheep_slug_shrine, overflow_temple_1_default, first_ration,
          serial_bayou_pond_a
D:4:      layout_loops_ring, kennysheep_mini, minmay_temple_entry_from_below_a
D:5:      layout_basic, eino_curves_01, serial_bayou_lagoon_a

Skill      XL: |  1  2  3  4  5  6  7 |
---------------+----------------------+-----
Fighting       | 3 4 |  4.1
Long Blades    | 3 4 |  4.1
Armour         | 2 |  2.5
Hexes          | 1 |  1.6
Evocations     | 1 |  1.5
Invocations    | 1 |  1.5
Dodging        | 3 |  3.0
Spellcasting   | 3 |  3.0
Charms         | |  3.9

Action                   |  1- 3 |  4- 6 |  7- 9 || total
-------------------------+-------+-------+-------++-------
Melee: Falchion          |   101 |   243 |   115 ||   459
 Cast: Infusion          |     1 |     6 |     1 ||     8
       Spectral Weapon   |       |     6 |     6 ||    12
  Use: Scroll            |       |       |     1 ||     1
 Stab: Sleeping          |       |     1 |       ||     1
  Eat: Ration            |     1 |     2 |     1 ||     4
       Chunk             |       |     4 |     2 ||     6
Armor: Leather armour    |    37 |    85 |    46 ||   168
Dodge: Dodged            |    85 |   143 |    81 ||   309
       Rpst.: Falchion   |    26 |    36 |    16 ||    78
